 Dungeon Crawl Stone Soup version 0.28.0-53-g5a82cb258f (webtiles) character file.

Game seed: 12887241278763786238

2691 issech the Cleaver (level 9, 0/70 HPs)
             Began as a Minotaur Monk on June 8, 2022.
             Was a Believer of Hepliaklqana.
             Slain by a two-headed ogre
             ... wielding the +6 great mace of the Sea {elec, rC+ rN+}
              (16 damage)
             ... on level 6 of the Dungeon.
             The game lasted 00:28:26 (8590 turns).

issech the Cleaver (Minotaur Monk)                  Turns: 8590, Time: 00:28:28

Health: 0/70       AC: 15    Str: 17    XL:     9   Next: 38%
Magic:  0/0        EV: 11    Int: 11    God:    Hepliaklqana [**....]
Gold:   351        SH:  6    Dex: 22    Spells: 8/8 levels left

rFire   + . .      SeeInvis .   b - +2 hand axe (freeze)
rCold   . . .      Faith    .   y - +0 buckler
rNeg    . . .      Spirit   .   F - +0 plate armour
rPois   +          Reflect  .   (helmet restricted)
rElec   .          Harm     .   Q - scarf {+Inv}
rCorr   .          Rampage  .   B - +0 pair of gloves
Will    .....                   c - +0 pair of boots
Stlth   ..........              m - amulet of magic regeneration
HPRegen 0.21/turn               E - ring of Girovvoun {rPois rF+ MP-9 EV+4 Int+4}
MPRegen 0.47/turn               a - +6 ring of dexterity

@: no status effects
A: reduced essence, horns 2, retaliatory headbutt
a: Renounce Religion, Evoke Invisibility, Recall Ancestor, Ancestor Identity


You were on level 6 of the Dungeon.
You worshipped Hepliaklqana.
Hepliaklqana was pleased with you.
You visited 2 branches of the dungeon, and saw 9 of its levels.

You collected 351 gold pieces.

Inventory:

Hand Weapons
 b - a +2 hand axe of freezing (weapon)
 v - a +0 glaive
 A - a +1 dagger of venom
 G - a +2 dagger of protection
 H - a +3 spear of freezing
 J - a +0 war axe
 S - a +0 shortbow
Missiles
 d - 99 bolts
 h - 2 throwing nets
 j - 256 stones
 l - 143 arrows
 q - 51 sling bullets
 u - 4 boomerangs (quivered)
 D - 3 poisoned darts
Armour
 c - a +0 pair of boots (worn)
 n - a scarf of harm
 y - a +0 buckler (worn)
 B - a +0 pair of gloves (worn)
 F - a +0 plate armour (worn)
 Q - a scarf of invisibility (worn)
Jewellery
 a - a +6 ring of dexterity (right hand)
 e - a ring of positive energy
 m - an amulet of magic regeneration (around neck)
 E - the ring of Girovvoun (left hand) {rPois rF+ MP-9 EV+4 Int+4}
   (You took it off a gnoll on level 3 of the Dungeon)

   [ring of evasion]

   EV:        It affects your evasion (+4).
   Int:       It affects your intelligence (+4).
   rF:        It protects you from fire.
   rPois:     It protects you from poison.
   MP:        It affects your magic capacity (-9).
 M - a ring of fire
 V - a ring of resist corrosion
Wands
 s - a wand of flame (36)
Scrolls
 g - a scroll of silence
 i - 2 scrolls of enchant weapon
 r - a scroll of blinking
 w - a scroll of amnesia {unknown}
 L - a scroll of enchant armour
 O - 2 scrolls of fear
 P - a scroll of summoning
 R - a scroll of magic mapping
 T - a scroll of fog {unknown}
 U - a scroll of torment {unknown}
Potions
 f - 4 potions of heal wounds {unknown}
 k - a potion of ambrosia {unknown}
 o - 4 potions of attraction {unknown}
 p - 3 potions of mutation {unknown}
 t - 3 potions of flight {unknown}
 x - a potion of lignification {unknown}
 z - 2 potions of haste {unknown}
 C - 4 potions of curing {unknown}
 I - 2 potions of resistance {unknown}
 K - a potion of might {unknown}
 N - a potion of cancellation {unknown}


   Skills:
 + Level 6.6 Fighting
 + Level 3.2 Short Blades
 + Level 10.3(10.4) Axes
 + Level 2.1(6.8) Polearms
 + Level 0.3 Throwing
 + Level 7.3 Armour
 + Level 4.7 Dodging
 + Level 2.5 Stealth
 + Level 3.5 Shields


You had 8 spell levels left.
You didn't know any spells.
Your spell library contained the following spells:

 Spells                   Type           Power      Damage    Failure   Level
 Freeze                   Ice            0%         1d3       100%        1
 Magic Dart               Conj           0%         1d3       100%        1
 Scorch                   Fire           0%         2d5       100%        2
 Searing Ray              Conj           0%         2d4       100%        2
 Frozen Ramparts          Ice            0%         1d2       100%        3
 Flame Wave               Conj/Fire      0%         2d4       100%        4
 Fulminant Prism          Conj/Hex       0%         3d6       100%        4
 Hailstorm                Conj/Ice       0%         3d3       100%        4
 Summon Cactus Giant      Summ           0%         N/A       100%        6


Dungeon Overview and Level Annotations

Branches:
Dungeon (8/15)             Temple (1/1) D:6
   Lair: D:8-11

Altars:
Ashenzari
Cheibriados
Dithmenos
Elyvilon
Fedhas
Gozag
Hepliaklqana
Kikubaaqudgha
Makhleb
Nemelex Xobeh
Okawaru
Qazlal
Ru
Sif Muna
Trog
Vehumet
Wu Jian
Xom
The Shining One

Annotations:
D:6 osoart's ghost, novice TrMo


Innate Abilities, Weirdness & Mutations

Your life essence is reduced to manifest your ancestor. (-10% HP)
You have a pair of horns on your head.
You reflexively headbutt those who attack you in melee.


Message History

The two-headed ogre closely misses Baqqanum. x2
Baqqanum hits the two-headed ogre with a +0 quarterstaff.
There is a transporter here.
You throw a boomerang. Baqqanum avoids your attack.
The boomerang completely misses the two-headed ogre.
The two-headed ogre hits Baqqanum with the +6 great mace of the Sea {elec, rC+ rN+}.
The two-headed ogre closely misses Baqqanum.
Baqqanum hits the two-headed ogre with a +0 quarterstaff.
You throw a boomerang. The boomerang hits the ogre.
The ogre is moderately wounded.
Baqqanum hits the two-headed ogre with a +0 quarterstaff!
The two-headed ogre hits Baqqanum with the +6 great mace of the Sea {elec, rC+ rN+}!!
Lightning courses through Baqqanum!
Baqqanum is destroyed!
You slash the ogre! You freeze the ogre.
The ogre is severely wounded.
You hit the ogre. You freeze the ogre. You headbutt the ogre.
You kill the ogre!
You throw a boomerang.
The boomerang hits the two-headed ogre but does no damage.
The two-headed ogre is moderately wounded.
You throw a boomerang.
The boomerang hits the two-headed ogre but does no damage.
The two-headed ogre is moderately wounded.
The two-headed ogre hits you with the +6 great mace of the Sea {elec, rC+ rN+}!
You block the two-headed ogre's attack.
You enter the transporter and appear at another place.
You block the two-headed ogre's attack. The two-headed ogre misses you.
You barely miss the two-headed ogre.
You headbutt the two-headed ogre, but do no damage.
The two-headed ogre is moderately wounded.
The two-headed ogre hits you with the +6 great mace of the Sea {elec, rC+ rN+}!
The two-headed ogre hits you with the +8 giant club "Xebukh" {holy, rCorr MP-9 Dex+6}!
You slash the two-headed ogre!
The two-headed ogre is heavily wounded.
The two-headed ogre hits you with the +6 great mace of the Sea {elec, rC+ rN+}!
You are electrocuted!
* * * LOW HITPOINT WARNING * * *
The two-headed ogre hits you with the +8 giant club "Xebukh" {holy, rCorr MP-9 Dex+6}!
You die...

#..##..#..........#...##.
#.#..#?#©.........#...##.
#©....$#...###..###...##.
#)#..#.#©.## #...........
#..##..#..# #.###......#
#..##..#..# #.###..#...#
#)#..#.#..# #.##........
#©....W#O.####.>..#..##.#
#########@......####..##..
#..#####.........###..###.
#.....##)......#...#..# #.
#.###..#.......###.#..###.
##.####.#..................
#....##.#.......###........
#....##.................##.
#....##.....###.........##.
#.....####### #####.....##.


You could see a two-headed ogre and osoart's ghost.

Vanquished Creatures
  2 orc warriors
  2 black bears (D:5)
  A necrophage (D:7)
  6 ogres
  A centaur (D:7)
  A phantom (D:5)
  A scorpion (D:7)
  A wyvern zombie (D:6)
  A wyvern skeleton (D:7)
  5 wights
  A bullfrog skeleton (D:5)
  A hound (D:7)
  An orc priest (D:4)
  A centaur skeleton (D:5)
  A gnoll shaman (D:7)
  4 iguanas
  2 orc wizards (D:5)
  Natasha (thrice) (D:2)
  Terence (D:2)
  A hound skeleton (D:5)
  12 gnolls
  8 adders
  A white imp (D:5)
  An ufetubus (D:5)
  3 worms
  A dart slug (D:2)
  13 orcs
  6 bats
  10 endoplasms
  A giant cockroach (D:1)
  4 goblins
  10 hobgoblins
  3 jackals
  3 quokkas
  7 ball pythons
  7 frilled lizards
  14 kobolds
  6 rats
147 creatures vanquished.

Vanquished Creatures (collateral kills)
  2 ice beasts (D:6)
  A sky beast (D:6)
  The ghost of Zeld the Conjurer, an amateur GrCj (D:3)
  A hound (D:6)
  A centaur zombie (D:6)
  An orc priest (D:6)
  An orc wizard (D:6)
  An adder (D:6)
9 creatures vanquished.

Vanquished Creatures (others)
  3 battlemagi (D:6)
  6 plants (D:4)
  2 withered plants (D:3)
11 creatures vanquished.

Grand Total: 167 creatures vanquished

Notes
Turn   | Place    | Note
-------+----------+-------------------------------------------
     0 | D:1      | issech the Minotaur Monk began the quest for the Orb.
     0 | D:1      | Reached XP level 1. HP: 19/19 MP: 0/0
   534 | D:1      | Found a faded altar of an unknown god.
   547 | D:1      | Reached XP level 2. HP: 27/27 MP: 1/1
   651 | D:1      | Reached skill level 4 in Axes
  1141 | D:2      | Reached XP level 3. HP: 32/33 MP: 2/2
  1325 | D:2      | Noticed Natasha
  1334 | D:2      | Killed Natasha
  1335 | D:2      | Reached skill level 1 in Short Blades
  1497 | D:2      | Noticed Natasha
  1501 | D:2      | Killed Natasha
  1502 | D:2      | Reached XP level 4. HP: 34/41 MP: 3/3
  1515 | D:2      | Noticed Natasha
  1525 | D:2      | Killed Natasha
  1776 | D:2      | Found a glowing golden altar of the Shining One.
  2148 | D:2      | Noticed Terence
  2159 | D:2      | Killed Terence
  2160 | D:2      | Reached XP level 5. HP: 9/47 MP: 4/4
  2657 | D:3      | Found a runed translucent door.
  2658 | D:3      | Noticed Zeld's ghost (amateur GrCj)
  2790 | D:3      | Identified the ring of Girovvoun {rPois rF+ MP-9 EV+4
                  | Int+4}
  2796 | D:3      | Reached skill level 1 in Polearms
  3271 | D:4      | Reached skill level 1 in Armour
  3488 | D:3      | Reached XP level 6. HP: 36/55 MP: 0/5
  4198 | D:4      | Found a white marble altar of Elyvilon.
  4267 | D:4      | Reached skill level 5 in Fighting
  4267 | D:4      | Reached XP level 7. HP: 53/57 MP: 0/6
  4608 | D:5      | Entered Level 5 of the Dungeon
  4630 | D:5      | Reached skill level 1 in Shields
  4636 | D:5      | Reached skill level 5 in Axes
  4727 | D:5      | Reached skill level 5 in Armour
  4782 | D:5      | Found a snail-covered altar of Cheibriados.
  4879 | D:5      | Reached skill level 6 in Axes
  4901 | D:5      | Reached XP level 8. HP: 49/69 MP: 0/7
  4912 | D:5      | Reached skill level 7 in Axes
  5470 | D:6      | Found a staircase to the Ecumenical Temple.
  5523 | D:7      | Reached skill level 8 in Axes
  6195 | D:7      | Reached skill level 9 in Axes
  6230 | Temple   | Entered the Ecumenical Temple
  6351 | Temple   | Became a worshipper of Hepliaklqana the Forgotten
  6351 | Temple   | Reached * piety under Hepliaklqana
  6351 | Temple   | Reached ** piety under Hepliaklqana
  6352 | Temple   | Remembered your ancestor Baqqanum as a battlemage
  6824 | D:6      | Reached XP level 9. HP: 40/67 MP: 0/8
  7083 | D:6      | Found a transporter.
  7087 | D:6      | Noticed osoart's ghost (novice TrMo)
  7089 | D:6      | Identified the +6 great mace of the Sea {elec, rC+ rN+}
  7089 | D:6      | Identified the +8 giant club "Xebukh" {holy, rCorr MP-9
                  | Dex+6}
  7089 | D:6      | Noticed a two-headed ogre
  7114 | D:6      | Found a transporter.
  7234 | D:6      | Reached skill level 10 in Axes
  7633 | D:3      | Killed Zeld's ghost
  8100 | D:7      | Found an ornate altar of the Wu Jian Council.
  8100 | D:7      | Found a shimmering blue altar of Sif Muna.
  8100 | D:7      | Found an ancient bone altar of Kikubaaqudgha.
  8100 | D:7      | Found a blossoming altar of Fedhas.
  8226 | D:8      | Found an iron altar of Okawaru.
  8590 | D:6      | Slain by a two-headed ogre

Illustrated notes

Levels and vault maps discovered:
D:1:      minmay_arrival_pointy, layout_loops_ring,
          hellmonk_ecumenical_altar_crossroads
D:2:      layout_basic, basic_altar, minmay_indecisive_spiral, uniq_terence,
          uniq_natasha
D:3:      layout_loops_ring, gammafunk_ghost_grave
D:4:      corexii_shack_village, layout_cave_pools,
          nicolae_overflow_crystal_walls, minmay_splitting_lines, minivault_26
D:5:      layout_cave_pools, mainiacjoe_overflow_paths
D:6:      layout_rooms, temple_statues, gammafunk_ghost_smash
D:7:      layout_gridville, grunt_temple_overflow_cloverleaf
D:8:      layout_loops_ring, nicolae_uskayaw_dance_hall,
          okawaru_ov_weapons_minmay, erik_lair_island, kennysheep_minor_cross,
          minmay_misc_feat_more_columns, uniq_joseph, uniq_psyche
Temple:   hc_temple_tempest_star

Skill      XL: |  1  2  3  4  5  6  7  8  9 |
---------------+----------------------------+-----
Fighting       | 4 5 6 |  6.6
Axes           | 4 6 9 10 | 10.3
Short Blades   | 1 2 3 |  3.2
Stealth        | 2 |  2.5
Dodging        | 4 |  4.7
Polearms       | 2 |  2.1
Armour         | 2 4 5 6 7 |  7.3
Shields        | 1 3 |  3.5
Throwing       | |  0.3

Action                   |  1- 3 |  4- 6 |  7- 9 || total
-------------------------+-------+-------+-------++-------
Melee: Hand axe          |    23 |    78 |   201 ||   302
       Headbutt          |     9 |    30 |    58 ||    97
       Dagger            |    46 |    68 |       ||   114
       Glaive            |       |    14 |       ||    14
       Punch             |       |     1 |       ||     1
Throw: Stone             |       |     5 |       ||     5
       Boomerang         |       |     3 |     4 ||     7
       Throwing net      |       |     1 |       ||     1
Invok: Ancestor Life: Ba |       |       |     1 ||     1
  Use: Scroll            |       |       |     9 ||     9
       Potion            |       |       |     1 ||     1
 Stab: Sleeping          |     2 |       |       ||     2
       Distracted        |       |       |     1 ||     1
Armor: Robe              |    14 |     1 |       ||    15
       Chain mail        |       |    65 |    38 ||   103
       Plate armour      |       |       |    45 ||    45
Dodge: Dodged            |    46 |    55 |   127 ||   228
Block: Buckler           |       |    14 |    36 ||    50
